AoeStats
← Turquesa-4400

Arena

510630939Analyzed
1v1 RM · 1d ago on Oct 1, 2026· 34m 44s· 2 players
Game mode
Random Map
Map size
Tiny (2 player)
Population
200
Speed
Normal
Resources
Standard
Victory
Conquest
Starting age
Dark Age
Ending age
Imperial Age
RankedLock teamsTeams togetherTeam positionsShared explorationLock speedFull tech treeHidden civsTurbo modeCheats
Victory
Defeat
🇩🇪 Danes · Germany
912
+17
🇦🇷 Koreans · Argentina
923
-17
fredl_fesl69
11:22 Feudal Age
12:36 Double-Bit Axe
12:58 Gold Mining
15:41 Castle Age
13:30 Horse Collar
16:05 Wheelbarrow
16:46 Bow Saw
17:12 Gold Shaft Mining
28:16 Imperial Age
25:55 Loom
26:54 Hand Cart
27:53 Heavy Plow
27:41 Town Watch
28:23 Stone Mining
29:24 Squires
30:02 Town Patrol
30:24 Forging
30:15 Scale Mail Armor
29:39 Elite Varangian Guard
31:53 Conscription
30:59 Hamask
33:05 Iron Casting
32:45 Chain Mail Armor
35:04 Blast Furnace
Turquesa-4400
5:34 Loom
11:34 Feudal Age
12:54 Double-Bit Axe
13:52 Wheelbarrow
17:05 Fletching
17:23 Town Watch
22:51 Castle Age
21:11 Gold Mining
21:05 Horse Collar
22:13 Scale Mail Armor
25:33 Squires
27:35 Forging
27:42 Chain Mail Armor
28:22 Bodkin Arrow
29:33 Iron Casting
30:43 Crossbowman
31:33 Thumb Ring
Connection lost

Rejoining the realm…

Still unreachable

The connection could not be restored.

Session expired

The server has moved on; the page needs a fresh start.